[ AOE2 MATCH · #491640717 ]
UnrankedPoles vs Cumans
[ REPLAY ANALYSIS · EXTRACTED FROM THE RECORDED GAME ]
Feudal
14:55
Castle
20:09
Imperial
—
| APM avg | 22.3 |
| APM peak | 53 |
| eAPM avg | 11.4 |
| Villagers / military | 60 / 14 |
Focus
⚔️ 23.0% · 🌾 77.0%
Obuch ×14 · Fishing Ship ×7
Feudal
12:45
Castle
20:56
Imperial
—
| APM avg | 27.4 |
| APM peak | 76 |
| eAPM avg | 20.3 |
| Villagers / military | 68 / 23 |
Focus
⚔️ 26.5% · 🌾 73.5%
Kipchak ×18 · Fishing Ship ×12 · Battering Ram ×5
Feudal
12:57
Castle
18:36
Imperial
—
| APM avg | 27.6 |
| APM peak | 45 |
| eAPM avg | 12.2 |
| Villagers / military | 41 / 22 |
Focus
⚔️ 16.2% · 🌾 83.8%
Knight ×12 · Fishing Ship ×10 · Battering Ram ×9 · Fire Galley ×1
Feudal
12:55
Castle
20:47
Imperial
—
| APM avg | 44.9 |
| APM peak | 79 |
| eAPM avg | 21.9 |
| Villagers / military | 66 / 37 |
Focus
⚔️ 40.8% · 🌾 59.2%
Galley ×26 · Fishing Ship ×18 · Fire Galley ×11 · Unknown (2626) ×7
Feudal
13:00
Castle
22:32
Imperial
—
| APM avg | 29.1 |
| APM peak | 43 |
| eAPM avg | 14.0 |
| Villagers / military | 61 / 12 |
Focus
⚔️ 19.0% · 🌾 81.0%
Fire Galley ×11 · Unknown (2626) ×9 · Fishing Ship ×7 · Galley ×1
Feudal
15:15
Castle
19:39
Imperial
—
| APM avg | 22.6 |
| APM peak | 66 |
| eAPM avg | 15.4 |
| Villagers / military | 44 / 12 |
Focus
⚔️ 23.9% · 🌾 76.1%
Fishing Ship ×32 · Coustillier ×8 · Knight ×3 · Petard ×1
Match map
Initial resources + every placement click. Lines = walls · curves = elevation contours. ◆ gold · ⬟ stone · ● berries · ✦ relic · ◌ wall gap
Your base· Open — 9t gap
Truitos del groovos's base· Open — 9t gap
deju30's base· Open — unwalled flank
Catastrophic's base· Open — unwalled flank
shogun's base· Open — 11t gap
Frafn's base· Open — unwalled flank
Smoothed initial terrain · ◌ = detected wall gap · hover for details
Inputs per minute
— [AJJRR] Minillop - - Truitos del groovos
Build order — [AJJRR] Minillop
110 actions detected in the replay
| 0:18 | Build | Town Center |
| 1:34 | Build | House |
| 2:15 | Build | House |
| 2:34 | Create | Villager (Male) |
| 2:34 | Create | Villager (Male) |
| 2:34 | Create | Villager (Male) |
| 2:35 | Create | Villager (Male) |
| 2:35 | Create | Villager (Male) |
| 4:00 | Build | Dock |
| 4:34 | Create | Villager (Male) |
| 4:35 | Create | Villager (Male) |
| 4:43 | Research | Loom |
| 4:48 | Create | Fishing Ship |
| 4:48 | Create | Fishing Ship |
| 5:17 | Create | Villager (Male) |
| 5:18 | Create | Villager (Male) |
| 5:58 | Build | House |
| 6:01 | Create | Villager (Male) |
| 6:14 | Create | Villager (Male) |
| 6:14 | Create | Villager (Male) |
| 6:25 | Build | House |
| 6:40 | Create | Villager (Male) |
| 6:41 | Create | Villager (Male) |
| 6:57 | Create | Villager (Male) |
| 6:57 | Create | Villager (Male) |
| 7:32 | Create | Villager (Male) |
| 7:32 | Create | Villager (Male) |
| 7:32 | Create | Villager (Male) |
| 7:56 | Build | House |
| 8:21 | Create | Fishing Ship |
| 8:29 | Create | Villager (Male) |
| 8:29 | Create | Villager (Male) |
| 8:30 | Create | Villager (Male) |
| 8:30 | Create | Villager (Male) |
| 8:55 | Build | House |
| 9:05 | Create | Villager (Male) |
| 9:06 | Create | Villager (Male) |
| 9:20 | Create | Fishing Ship |
| 10:05 | Build | Mill |
| 10:08 | Create | Villager (Male) |
| 10:08 | Create | Villager (Male) |
| 10:09 | Create | Villager (Male) |
| 10:40 | Create | Villager (Male) |
| 10:41 | Create | Villager (Male) |
| 11:23 | Create | Villager (Male) |
| 11:23 | Create | Villager (Male) |
| 11:24 | Create | Villager (Male) |
| 11:28 | Create | Fishing Ship |
| 11:33 | Create | Fishing Ship |
| 11:56 | Create | Fishing Ship |
| 12:09 | Build | Mill |
| 12:23 | Research | Feudal Age |
| 14:11 | Build | Farm |
| 14:21 | Build | Farm |
| 14:53 | Create | Villager (Male) |
| 14:53 | Create | Villager (Male) |
| 14:53 | Create | Villager (Male) |
| 14:55 | Age | Feudal Age |
| 14:58 | Build | Mining Camp |
| 15:41 | Build | Blacksmith |
| 16:30 | Build | Market |
| 16:37 | Create | Villager (Male) |
| 16:37 | Create | Villager (Male) |
| 17:00 | Research | Horse Collar |
| 17:29 | Research | Castle Age |
| 17:30 | Research | Castle Age |
| 18:31 | Research | Wheelbarrow |
| 18:36 | Build | Barracks |
| 18:52 | Create | Villager (Male) |
| 18:52 | Create | Villager (Male) |
| 18:52 | Create | Villager (Male) |
| 18:52 | Create | Villager (Male) |
| 19:20 | Research | Stone Mining |
| 19:20 | Research | Stone Mining |
| 19:47 | Build | House |
| 20:09 | Age | Castle Age |
| 20:25 | Build | Castle |
| 20:32 | Build | House |
| 20:37 | Build | House |
| 20:41 | Build | Palisade Wall |
| 20:58 | Research | Fletching |
| 20:59 | Create | Villager (Male) ×5 |
| 21:37 | Create | Obuch |
| 21:37 | Create | Obuch |
| 21:37 | Create | Obuch |
| 21:37 | Create | Obuch |
| 21:39 | Create | Obuch |
| 22:25 | Create | Obuch |
| 22:25 | Create | Obuch |
| 22:26 | Create | Obuch |
| 22:26 | Create | Obuch |
| 22:28 | Create | Obuch |
| 22:49 | Create | Obuch |
| 22:58 | Create | Villager (Male) |
| 22:58 | Create | Villager (Male) |
| 23:08 | Create | Villager (Male) |
| 23:12 | Create | Villager (Male) |
| 23:21 | Research | Scale Mail Armor |
| 23:22 | Research | Forging |
| 24:09 | Create | Obuch |
| 24:09 | Create | Obuch |
| 24:10 | Create | Obuch |
| 24:18 | Build | Town Center |
| 25:13 | Create | Villager (Male) |
| 25:14 | Create | Villager (Male) |
| 25:14 | Create | Villager (Male) |
| 25:14 | Create | Villager (Male) |
| 25:32 | Build | Town Center |
| 25:42 | Create | Villager (Male) ×5 |
| 26:00 | Build | Lumber Camp |
Build order — Truitos del groovos
First 150 of 157 actions detected
| 0:09 | Build | Town Center |
| 0:41 | Build | Dock |
| 0:46 | Build | House |
| 2:37 | Create | Villager (Male) |
| 2:37 | Create | Villager (Male) |
| 2:37 | Create | Villager (Male) |
| 2:38 | Create | Villager (Male) |
| 2:38 | Create | Villager (Male) |
| 2:38 | Create | Villager (Male) |
| 3:32 | Create | Villager (Male) |
| 3:32 | Create | Villager (Male) |
| 3:32 | Create | Villager (Male) |
| 4:30 | Create | Villager (Male) |
| 4:30 | Create | Villager (Male) |
| 4:31 | Create | Villager (Male) |
| 4:31 | Create | Villager (Male) |
| 5:09 | Create | Villager (Male) |
| 5:09 | Create | Villager (Male) |
| 5:11 | Create | Fishing Ship |
| 5:12 | Create | Fishing Ship |
| 5:17 | Research | Loom |
| 5:27 | Build | House |
| 5:39 | Create | Villager (Male) |
| 5:39 | Create | Villager (Male) |
| 6:12 | Create | Fishing Ship |
| 6:13 | Create | Fishing Ship |
| 6:16 | Create | Villager (Male) |
| 6:16 | Create | Villager (Male) |
| 6:16 | Create | Villager (Male) |
| 6:59 | Create | Villager (Male) |
| 6:59 | Create | Villager (Male) |
| 6:59 | Create | Villager (Male) |
| 6:59 | Create | Villager (Male) |
| 7:00 | Create | Fishing Ship |
| 7:00 | Create | Fishing Ship |
| 7:01 | Create | Fishing Ship |
| 7:18 | Create | Villager (Male) |
| 7:24 | Create | Fishing Ship |
| 7:24 | Create | Fishing Ship |
| 7:39 | Build | House |
| 7:45 | Create | Villager (Male) |
| 7:45 | Create | Villager (Male) |
| 7:45 | Create | Villager (Male) |
| 7:46 | Create | Villager (Male) |
| 7:46 | Create | Villager (Male) |
| 8:15 | Create | Fishing Ship |
| 8:15 | Create | Fishing Ship |
| 8:53 | Create | Villager (Male) |
| 8:53 | Create | Villager (Male) |
| 9:29 | Create | Fishing Ship |
| 9:47 | Build | Mill |
| 9:52 | Build | House |
| 9:54 | Build | House |
| 9:59 | Build | House |
| 10:26 | Build | Lumber Camp |
| 10:35 | Research | Feudal Age |
| 10:35 | Research | Feudal Age |
| 11:17 | Build | Farm |
| 11:21 | Build | Farm |
| 12:36 | Create | Villager (Male) |
| 12:36 | Create | Villager (Male) |
| 12:36 | Create | Villager (Male) |
| 12:36 | Create | Villager (Male) |
| 12:45 | Age | Feudal Age |
| 12:57 | Build | Town Center |
| 13:07 | Build | Outpost |
| 13:15 | Build | Outpost |
| 13:43 | Build | Outpost |
| 13:51 | Build | House |
| 13:55 | Build | House |
| 14:18 | Build | House |
| 14:20 | Build | Palisade Wall |
| 14:35 | Create | Villager (Male) |
| 14:36 | Create | Villager (Male) |
| 14:37 | Create | Villager (Male) |
| 14:55 | Create | Villager (Male) |
| 14:55 | Create | Villager (Male) |
| 14:55 | Create | Villager (Male) |
| 14:55 | Create | Villager (Male) |
| 14:56 | Create | Villager (Male) |
| 14:57 | Create | Villager (Male) |
| 14:57 | Create | Villager (Male) |
| 14:57 | Create | Villager (Male) |
| 15:15 | Build | Mining Camp |
| 15:18 | Research | Double-Bit Axe |
| 15:19 | Research | Double-Bit Axe |
| 15:51 | Build | Farm |
| 16:17 | Build | Market |
| 16:35 | Build | Blacksmith |
| 16:36 | Build | House |
| 16:43 | Create | Villager (Male) |
| 16:45 | Create | Villager (Male) |
| 17:05 | Build | Watch Tower |
| 17:19 | Build | House |
| 17:21 | Build | House |
| 18:16 | Research | Castle Age |
| 18:17 | Research | Castle Age |
| 18:32 | Build | House |
| 18:33 | Build | House |
| 18:35 | Build | Barracks |
| 18:37 | Build | House |
| 18:38 | Build | House |
| 18:40 | Build | House |
| 18:44 | Research | Horse Collar |
| 18:54 | Build | Siege Workshop |
| 19:34 | Create | Villager (Male) |
| 19:34 | Create | Villager (Male) |
| 20:01 | Research | Town Watch |
| 20:12 | Research | Tech 906 |
| 20:21 | Create | Battering Ram |
| 20:33 | Create | Battering Ram |
| 20:44 | Create | Villager (Male) |
| 20:45 | Create | Villager (Male) |
| 20:45 | Create | Villager (Male) |
| 20:49 | Research | Town Watch |
| 20:49 | Create | Villager (Male) |
| 20:49 | Create | Villager (Male) |
| 20:56 | Age | Castle Age |
| 21:00 | Build | Castle |
| 21:51 | Create | Villager (Male) |
| 21:52 | Create | Villager (Male) |
| 21:54 | Create | Kipchak |
| 21:54 | Create | Kipchak |
| 21:55 | Create | Kipchak |
| 21:55 | Create | Kipchak |
| 21:55 | Create | Kipchak |
| 21:55 | Create | Kipchak |
| 22:28 | Create | Battering Ram |
| 22:28 | Create | Battering Ram |
| 22:28 | Create | Battering Ram |
| 22:47 | Create | Kipchak |
| 22:48 | Create | Kipchak |
| 22:50 | Create | Villager (Male) |
| 22:51 | Create | Villager (Male) |
| 23:17 | Create | Kipchak |
| 23:17 | Create | Kipchak |
| 23:18 | Create | Kipchak |
| 23:18 | Create | Kipchak |
| 23:18 | Create | Kipchak |
| 23:27 | Create | Villager (Male) |
| 23:28 | Create | Villager (Male) |
| 24:09 | Create | Villager (Male) |
| 24:11 | Create | Kipchak |
| 24:12 | Create | Kipchak |
| 24:12 | Create | Kipchak |
| 24:12 | Create | Kipchak |
| 24:12 | Create | Kipchak |
| 24:22 | Build | House |
| 24:40 | Build | Castle |
| 25:09 | Build | Blacksmith |
Build order — deju30
115 actions detected in the replay
| 0:23 | Build | Town Center |
| 2:37 | Create | Villager (Male) |
| 2:37 | Create | Villager (Male) |
| 2:37 | Create | Villager (Male) |
| 2:45 | Build | House |
| 3:08 | Create | Villager (Male) |
| 3:21 | Create | Villager (Male) |
| 4:04 | Build | Dock |
| 4:08 | Create | Villager (Male) |
| 4:16 | Build | House |
| 4:45 | Create | Fishing Ship |
| 5:14 | Create | Villager (Male) |
| 5:41 | Create | Villager (Male) |
| 5:42 | Create | Villager (Male) |
| 5:45 | Create | Fishing Ship |
| 5:48 | Build | House |
| 6:04 | Create | Villager (Male) |
| 6:04 | Create | Villager (Male) |
| 6:24 | Create | Villager (Male) |
| 6:32 | Create | Fishing Ship |
| 6:45 | Create | Villager (Male) |
| 6:46 | Create | Villager (Male) |
| 7:02 | Create | Fishing Ship |
| 7:16 | Create | Villager (Male) |
| 7:16 | Create | Villager (Male) |
| 7:33 | Build | House |
| 7:42 | Create | Villager (Male) |
| 7:56 | Create | Fishing Ship |
| 8:08 | Build | House |
| 8:19 | Create | Villager (Male) |
| 8:34 | Create | Villager (Male) |
| 8:44 | Create | Fishing Ship |
| 9:04 | Create | Villager (Male) |
| 9:24 | Create | Villager (Male) |
| 9:38 | Create | Fishing Ship |
| 9:57 | Create | Villager (Male) |
| 10:11 | Build | Mining Camp |
| 10:27 | Build | House |
| 10:29 | Create | Villager (Male) |
| 10:44 | Research | Feudal Age |
| 10:52 | Create | Fishing Ship |
| 11:13 | Create | Fishing Ship |
| 11:59 | Build | Mill |
| 12:08 | Create | Fishing Ship |
| 12:28 | Build | House |
| 12:57 | Age | Feudal Age |
| 12:59 | Research | Wheelbarrow |
| 12:59 | Research | Loom |
| 13:06 | Build | Lumber Camp |
| 13:45 | Research | Double-Bit Axe |
| 14:32 | Create | Villager (Male) |
| 14:46 | Build | Barracks |
| 15:03 | Create | Villager (Male) |
| 15:03 | Create | Villager (Male) |
| 15:30 | Build | Stable |
| 15:34 | Build | Blacksmith |
| 16:00 | Build | House |
| 16:10 | Research | Castle Age |
| 16:10 | Research | Castle Age |
| 16:24 | Build | Stable |
| 16:37 | Build | House |
| 16:57 | Research | Scale Barding Armor |
| 16:57 | Research | Forging |
| 17:17 | Build | House |
| 17:52 | Build | Lumber Camp |
| 17:58 | Build | House |
| 18:36 | Age | Castle Age |
| 18:37 | Create | Knight |
| 18:37 | Create | Knight |
| 18:37 | Create | Knight |
| 18:38 | Create | Knight |
| 18:48 | Build | Siege Workshop |
| 18:51 | Create | Villager (Male) |
| 18:51 | Create | Villager (Male) |
| 18:55 | Research | Bow Saw |
| 19:14 | Create | Villager (Male) |
| 19:15 | Create | Knight |
| 19:23 | Create | Knight |
| 19:26 | Create | Battering Ram |
| 19:28 | Create | Battering Ram |
| 19:39 | Create | Villager (Male) |
| 19:48 | Build | House |
| 20:00 | Create | Fire Galley |
| 20:09 | Create | Villager (Male) |
| 20:20 | Create | Knight |
| 20:30 | Create | Villager (Male) |
| 20:32 | Build | House |
| 20:40 | Create | Battering Ram |
| 21:03 | Create | Villager (Male) |
| 21:07 | Create | Villager (Male) |
| 21:09 | Build | House |
| 21:23 | Create | Battering Ram |
| 21:58 | Create | Battering Ram |
| 21:58 | Create | Battering Ram |
| 22:15 | Create | Battering Ram |
| 22:31 | Create | Knight |
| 23:03 | Create | Knight |
| 23:12 | Create | Villager (Male) |
| 23:13 | Create | Villager (Male) |
| 23:32 | Create | Villager (Male) |
| 23:36 | Build | Town Center |
| 23:39 | Create | Knight |
| 23:40 | Create | Knight |
| 23:53 | Build | Farm |
| 23:54 | Build | Farm |
| 23:55 | Build | Farm |
| 23:58 | Build | House |
| 24:08 | Create | Battering Ram |
| 24:11 | Create | Knight |
| 24:38 | Create | Battering Ram |
| 25:05 | Create | Villager (Male) |
| 25:05 | Create | Villager (Male) |
| 25:17 | Build | Town Center |
| 25:45 | Create | Villager (Male) |
| 25:45 | Create | Villager (Male) |
Build order — Catastrophic
First 150 of 185 actions detected
| 0:07 | Build | Town Center |
| 1:04 | Build | Palisade Wall |
| 1:15 | Build | Palisade Wall |
| 1:27 | Build | Palisade Wall |
| 1:55 | Build | Dock |
| 2:37 | Create | Villager (Male) |
| 2:38 | Create | Villager (Male) |
| 2:41 | Build | Palisade Wall |
| 2:42 | Build | Palisade Wall |
| 2:57 | Create | Villager (Male) |
| 2:57 | Create | Villager (Male) |
| 2:57 | Create | Villager (Male) |
| 3:30 | Create | Fishing Ship |
| 3:30 | Create | Fishing Ship |
| 4:09 | Build | House |
| 4:17 | Research | Loom |
| 4:51 | Create | Villager (Male) |
| 5:07 | Create | Fishing Ship |
| 5:07 | Create | Fishing Ship |
| 5:23 | Create | Villager (Male) |
| 5:23 | Create | Villager (Male) |
| 5:47 | Create | Villager (Male) |
| 5:48 | Create | Villager (Male) |
| 6:01 | Create | Fishing Ship |
| 6:14 | Create | Villager (Male) |
| 6:14 | Create | Villager (Male) |
| 6:23 | Build | House |
| 6:40 | Create | Villager (Male) |
| 6:40 | Create | Villager (Male) |
| 6:41 | Create | Villager (Male) |
| 6:58 | Create | Fishing Ship |
| 6:58 | Create | Fishing Ship |
| 7:12 | Create | Villager (Male) |
| 7:12 | Create | Villager (Male) |
| 7:17 | Create | Villager (Male) |
| 7:17 | Create | Villager (Male) |
| 7:42 | Create | Fishing Ship |
| 7:54 | Create | Villager (Male) |
| 7:57 | Build | House |
| 8:19 | Create | Villager (Male) |
| 8:20 | Create | Villager (Male) |
| 8:29 | Create | Villager (Male) |
| 8:29 | Create | Villager (Male) |
| 8:48 | Create | Villager (Male) |
| 8:48 | Create | Villager (Male) |
| 8:49 | Create | Villager (Male) |
| 8:49 | Create | Villager (Male) |
| 8:49 | Create | Villager (Male) |
| 8:50 | Create | Fishing Ship |
| 8:50 | Create | Fishing Ship |
| 9:56 | Build | Mining Camp |
| 10:06 | Build | Mining Camp |
| 10:07 | Create | Villager (Male) |
| 10:45 | Research | Feudal Age |
| 10:45 | Research | Feudal Age |
| 10:52 | Build | Lumber Camp |
| 11:50 | Build | Dock |
| 12:10 | Build | House |
| 12:14 | Create | Villager (Male) |
| 12:55 | Age | Feudal Age |
| 12:56 | Create | Galley |
| 12:56 | Create | Galley |
| 13:14 | Research | Double-Bit Axe |
| 13:15 | Create | Villager (Male) |
| 13:20 | Create | Galley |
| 13:20 | Create | Galley |
| 13:47 | Create | Villager (Male) |
| 13:47 | Create | Villager (Male) |
| 14:03 | Create | Galley |
| 14:04 | Create | Galley |
| 14:14 | Build | Blacksmith |
| 14:16 | Create | Villager (Male) |
| 14:24 | Build | Mill |
| 14:41 | Build | House |
| 14:48 | Create | Fire Galley |
| 14:51 | Create | Villager (Male) |
| 14:56 | Research | Fletching |
| 14:56 | Research | Fletching |
| 14:57 | Create | Villager (Male) |
| 15:38 | Create | Villager (Male) |
| 15:41 | Build | House |
| 15:42 | Build | House |
| 15:48 | Build | House |
| 15:50 | Create | Villager (Male) |
| 15:54 | Create | Fire Galley |
| 16:12 | Create | Fire Galley |
| 16:14 | Create | Villager (Male) |
| 16:23 | Create | Villager (Male) |
| 16:29 | Build | Market |
| 16:34 | Create | Fishing Ship |
| 16:35 | Create | Fishing Ship |
| 17:15 | Create | Villager (Male) |
| 17:33 | Create | Fishing Ship |
| 17:33 | Create | Fishing Ship |
| 17:41 | Create | Villager (Male) |
| 17:48 | Build | House |
| 17:50 | Create | Villager (Male) |
| 18:07 | Research | Castle Age |
| 18:07 | Research | Castle Age |
| 18:47 | Create | Unit 2626 |
| 18:48 | Create | Unit 2626 |
| 18:48 | Create | Unit 2626 |
| 18:52 | Build | House |
| 19:08 | Build | Dock |
| 19:22 | Create | Unit 2626 |
| 19:22 | Create | Unit 2626 |
| 19:28 | Build | Farm |
| 19:29 | Build | Farm |
| 19:29 | Build | Farm |
| 19:29 | Build | Farm |
| 19:29 | Build | Farm |
| 19:40 | Research | Horse Collar |
| 19:40 | Research | Horse Collar |
| 20:02 | Create | Galley |
| 20:03 | Create | Galley |
| 20:09 | Create | Unit 2626 |
| 20:09 | Create | Unit 2626 |
| 20:20 | Create | Villager (Male) |
| 20:35 | Create | Galley |
| 20:35 | Create | Galley |
| 20:47 | Age | Castle Age |
| 20:50 | Research | War Galley (upgrade) |
| 20:50 | Research | War Galley (upgrade) |
| 20:51 | Research | Bodkin Arrow |
| 20:51 | Research | Bodkin Arrow |
| 20:54 | Create | Galley |
| 20:59 | Create | Villager (Male) |
| 21:02 | Research | Bow Saw |
| 21:02 | Research | Bow Saw |
| 21:12 | Create | Galley |
| 21:12 | Create | Galley |
| 21:28 | Build | Farm |
| 21:35 | Create | Galley |
| 21:36 | Create | Galley |
| 21:36 | Create | Galley |
| 22:08 | Create | Galley |
| 22:08 | Create | Galley |
| 22:08 | Create | Galley |
| 22:08 | Create | Galley |
| 22:09 | Create | Villager (Male) |
| 22:09 | Create | Villager (Male) |
| 22:09 | Create | Villager (Male) |
| 22:41 | Create | Galley |
| 22:41 | Create | Galley |
| 22:41 | Create | Galley |
| 22:43 | Create | Villager (Male) |
| 22:43 | Create | Villager (Male) |
| 22:58 | Create | Fire Galley |
| 22:58 | Create | Fire Galley |
| 22:59 | Create | Villager (Male) |
Build order — shogun
First 150 of 176 actions detected
| 0:17 | Build | Town Center |
| 0:35 | Build | Dock |
| 0:38 | Build | House |
| 1:43 | Build | House |
| 2:32 | Create | Villager (Male) |
| 2:32 | Create | Villager (Male) |
| 2:32 | Create | Villager (Male) |
| 2:33 | Create | Villager (Male) |
| 2:33 | Create | Villager (Male) |
| 3:13 | Create | Fishing Ship |
| 3:55 | Build | House |
| 4:33 | Research | Loom |
| 4:41 | Create | Villager (Male) |
| 5:15 | Create | Villager (Male) |
| 5:16 | Create | Villager (Male) |
| 5:21 | Create | Villager (Male) |
| 5:35 | Create | Fishing Ship |
| 6:00 | Create | Villager (Male) |
| 6:30 | Build | House |
| 6:53 | Create | Villager (Male) |
| 6:54 | Create | Villager (Male) |
| 6:54 | Create | Villager (Male) |
| 7:05 | Build | House |
| 7:15 | Create | Villager (Male) |
| 7:18 | Create | Villager (Male) |
| 7:45 | Create | Fishing Ship |
| 7:48 | Create | Villager (Male) |
| 8:01 | Create | Villager (Male) |
| 8:02 | Create | Villager (Male) |
| 8:50 | Create | Villager (Male) |
| 9:10 | Create | Villager (Male) |
| 9:10 | Create | Villager (Male) |
| 9:38 | Create | Fishing Ship |
| 9:49 | Create | Villager (Male) |
| 9:49 | Create | Villager (Male) |
| 9:50 | Build | House |
| 10:22 | Build | Lumber Camp |
| 10:47 | Research | Feudal Age |
| 11:20 | Create | Villager (Male) |
| 11:20 | Create | Villager (Male) |
| 11:35 | Create | Fishing Ship |
| 11:38 | Create | Villager (Male) |
| 11:39 | Create | Villager (Male) |
| 11:56 | Build | Mining Camp |
| 12:41 | Create | Fishing Ship |
| 12:46 | Build | House |
| 13:00 | Age | Feudal Age |
| 13:19 | Research | Wheelbarrow |
| 13:21 | Research | Double-Bit Axe |
| 13:36 | Create | Villager (Male) |
| 13:42 | Create | Unit 2626 |
| 13:43 | Create | Unit 2626 |
| 14:09 | Build | Dock |
| 14:42 | Create | Villager (Male) |
| 14:54 | Create | Fire Galley |
| 15:00 | Build | House |
| 15:08 | Create | Villager (Male) |
| 15:09 | Create | Villager (Male) |
| 15:37 | Create | Fire Galley |
| 15:42 | Create | Villager (Male) |
| 15:42 | Create | Villager (Male) |
| 15:55 | Build | House |
| 15:59 | Create | Fire Galley |
| 16:12 | Create | Fire Galley |
| 16:27 | Create | Villager (Male) |
| 16:44 | Build | Blacksmith |
| 16:45 | Create | Villager (Male) |
| 17:01 | Create | Villager (Male) |
| 17:14 | Create | Fire Galley |
| 17:15 | Create | Fire Galley |
| 17:27 | Research | Fletching |
| 17:27 | Research | Padded Archer Armor |
| 17:31 | Build | House |
| 17:35 | Build | House |
| 17:49 | Build | Mill |
| 17:53 | Create | Fire Galley |
| 18:03 | Create | Villager (Male) |
| 18:03 | Create | Villager (Male) |
| 18:07 | Build | House |
| 18:27 | Build | House |
| 18:38 | Create | Villager (Male) |
| 18:38 | Create | Villager (Male) |
| 18:54 | Create | Fire Galley |
| 18:55 | Create | Fire Galley |
| 19:08 | Create | Villager (Male) |
| 19:09 | Create | Villager (Male) |
| 19:15 | Build | Market |
| 19:22 | Build | House |
| 20:03 | Build | Lumber Camp |
| 20:05 | Research | Castle Age |
| 20:08 | Build | House |
| 20:13 | Create | Unit 2626 |
| 20:14 | Create | Unit 2626 |
| 20:33 | Build | Dock |
| 20:43 | Research | Horse Collar |
| 21:07 | Build | Lumber Camp |
| 21:14 | Build | House |
| 21:16 | Research | Tech 906 |
| 21:22 | Research | Tech 906 |
| 21:24 | Create | Fishing Ship |
| 21:51 | Build | House |
| 21:53 | Create | Unit 2626 |
| 21:53 | Create | Unit 2626 |
| 21:55 | Create | Unit 2626 |
| 22:32 | Create | Unit 2626 |
| 22:32 | Age | Castle Age |
| 22:33 | Create | Unit 2626 |
| 22:37 | Research | War Galley (upgrade) |
| 22:47 | Create | Fire Galley |
| 22:48 | Create | Fire Galley |
| 22:53 | Create | Villager (Male) |
| 22:53 | Create | Villager (Male) |
| 22:53 | Create | Villager (Male) |
| 22:54 | Create | Villager (Male) |
| 22:54 | Create | Villager (Male) |
| 22:59 | Build | Town Center |
| 23:37 | Create | Villager (Male) |
| 23:37 | Create | Villager (Male) |
| 23:38 | Create | Villager (Male) |
| 23:44 | Build | House |
| 23:50 | Build | Town Center |
| 24:04 | Build | Lumber Camp |
| 24:06 | Build | House |
| 24:07 | Build | House |
| 24:09 | Create | Villager (Male) |
| 24:10 | Create | Villager (Male) |
| 24:11 | Create | Villager (Male) |
| 24:11 | Create | Villager (Male) |
| 24:27 | Build | House |
| 24:40 | Build | Farm |
| 24:42 | Build | Farm |
| 24:43 | Build | Farm |
| 24:44 | Build | Farm |
| 24:49 | Build | Farm |
| 24:50 | Build | Farm |
| 24:50 | Build | Farm |
| 24:51 | Build | Farm |
| 24:52 | Build | Farm |
| 24:52 | Build | Farm |
| 24:52 | Build | Farm |
| 24:53 | Build | Farm |
| 24:54 | Build | Farm |
| 24:54 | Build | Farm |
| 24:54 | Build | Farm |
| 24:54 | Build | Farm |
| 24:55 | Build | Farm |
| 24:55 | Build | Farm |
| 24:55 | Build | Farm |
| 24:58 | Create | Villager (Male) |
| 24:59 | Create | Villager (Male) |
Build order — Frafn
150 actions detected in the replay
| 0:44 | Build | Town Center |
| 1:08 | Build | Dock |
| 1:20 | Build | House |
| 2:51 | Create | Villager (Male) |
| 2:51 | Create | Villager (Male) |
| 2:51 | Create | Villager (Male) |
| 2:52 | Create | Villager (Male) |
| 4:04 | Create | Fishing Ship |
| 4:17 | Create | Villager (Male) |
| 4:17 | Create | Villager (Male) |
| 4:49 | Research | Loom |
| 5:03 | Create | Fishing Ship |
| 5:24 | Create | Villager (Male) |
| 5:44 | Create | Villager (Male) |
| 5:56 | Create | Fishing Ship |
| 6:06 | Create | Villager (Male) |
| 6:22 | Build | House |
| 6:41 | Create | Villager (Male) |
| 6:53 | Create | Fishing Ship |
| 7:08 | Create | Villager (Male) |
| 7:30 | Build | Lumber Camp |
| 7:41 | Create | Villager (Male) |
| 7:50 | Build | House |
| 8:00 | Create | Villager (Male) |
| 8:24 | Create | Villager (Male) |
| 8:27 | Create | Fishing Ship |
| 8:35 | Build | House |
| 8:41 | Research | Double-Bit Axe |
| 8:41 | Research | Double-Bit Axe |
| 8:46 | Create | Villager (Male) |
| 9:12 | Create | Villager (Male) |
| 9:26 | Research | Tech 906 |
| 9:46 | Create | Villager (Male) |
| 9:53 | Build | Dock |
| 10:04 | Build | House |
| 10:18 | Create | Villager (Male) |
| 10:18 | Create | Villager (Male) |
| 10:23 | Create | Fishing Ship |
| 10:35 | Create | Fishing Ship |
| 10:46 | Build | House |
| 11:06 | Create | Villager (Male) |
| 11:16 | Build | House |
| 11:24 | Create | Fishing Ship |
| 11:25 | Create | Fishing Ship |
| 11:43 | Create | Villager (Male) |
| 11:53 | Build | Dock |
| 11:57 | Create | Fishing Ship |
| 11:57 | Create | Fishing Ship |
| 11:58 | Create | Villager (Male) |
| 12:28 | Create | Fishing Ship |
| 12:29 | Create | Fishing Ship |
| 12:33 | Build | House |
| 12:33 | Build | House |
| 12:33 | Build | House |
| 12:35 | Create | Villager (Male) |
| 13:04 | Create | Fishing Ship |
| 13:05 | Research | Feudal Age |
| 13:09 | Create | Fishing Ship |
| 13:30 | Create | Fishing Ship |
| 13:31 | Create | Fishing Ship |
| 13:31 | Create | Fishing Ship |
| 13:38 | Build | Mining Camp |
| 13:44 | Build | Outpost |
| 13:46 | Build | Outpost |
| 14:16 | Create | Fishing Ship |
| 14:19 | Build | House |
| 14:22 | Build | House |
| 14:35 | Research | Stone Mining |
| 14:36 | Research | Stone Mining |
| 15:15 | Age | Feudal Age |
| 15:16 | Build | Mill |
| 15:19 | Create | Villager (Male) |
| 15:21 | Research | Bow Saw |
| 15:44 | Create | Villager (Male) |
| 15:55 | Build | Outpost |
| 16:02 | Build | Market |
| 16:06 | Create | Villager (Male) |
| 16:13 | Research | Town Watch |
| 16:36 | Build | Blacksmith |
| 16:55 | Research | Gillnets |
| 16:59 | Research | Castle Age |
| 17:17 | Create | Fishing Ship |
| 17:17 | Create | Fishing Ship |
| 17:22 | Create | Fishing Ship |
| 17:58 | Create | Fishing Ship |
| 17:58 | Create | Fishing Ship |
| 17:58 | Create | Fishing Ship |
| 18:19 | Build | Outpost |
| 18:29 | Build | Outpost |
| 18:36 | Research | Wheelbarrow |
| 18:44 | Create | Fishing Ship |
| 18:45 | Create | Fishing Ship |
| 18:45 | Create | Fishing Ship |
| 19:16 | Build | Barracks |
| 19:25 | Build | Outpost |
| 19:39 | Age | Castle Age |
| 19:56 | Build | Castle |
| 19:59 | Create | Villager (Male) |
| 20:00 | Research | Two-Man Saw |
| 20:17 | Build | Stable |
| 20:24 | Research | Scale Barding Armor |
| 20:33 | Build | Town Center |
| 20:48 | Build | Outpost |
| 21:01 | Create | Knight |
| 21:01 | Create | Knight |
| 21:06 | Create | Petard |
| 21:08 | Create | Coustillier |
| 21:08 | Create | Coustillier |
| 21:14 | Build | Lumber Camp |
| 21:46 | Research | Fletching |
| 21:49 | Create | Villager (Male) |
| 21:50 | Create | Villager (Male) |
| 22:14 | Create | Coustillier |
| 22:24 | Create | Coustillier |
| 22:26 | Create | Knight |
| 22:55 | Create | Villager (Male) ×5 |
| 23:12 | Build | Mining Camp |
| 23:22 | Build | Outpost |
| 23:28 | Build | Outpost |
| 23:30 | Build | House |
| 23:30 | Build | House |
| 23:31 | Build | House |
| 23:44 | Research | Bodkin Arrow |
| 23:48 | Build | University |
| 23:50 | Create | Villager (Male) |
| 23:50 | Create | Villager (Male) |
| 23:50 | Create | Villager (Male) |
| 23:53 | Research | Gold Mining |
| 23:58 | Create | Coustillier |
| 23:59 | Create | Coustillier |
| 24:14 | Create | Fishing Ship |
| 24:14 | Create | Fishing Ship |
| 24:15 | Create | Fishing Ship |
| 24:15 | Create | Fishing Ship |
| 24:43 | Create | Villager (Male) |
| 24:43 | Create | Villager (Male) |
| 24:44 | Create | Villager (Male) |
| 24:56 | Create | Coustillier |
| 24:56 | Create | Coustillier |
| 25:01 | Build | Dock |
| 25:09 | Create | Villager (Male) |
| 25:21 | Build | Mining Camp |
| 25:38 | Research | Murder Holes |
| 25:55 | Research | Imperial Age |
| 26:09 | Create | Villager (Male) |
| 26:29 | Create | Villager (Male) |
| 26:30 | Create | Villager (Male) |
| 26:34 | Build | House |
| 26:35 | Build | House |
| 26:38 | Build | Outpost |
Match timeline
| 0:35 | shogun · first_building Dock |
| 0:41 | Truitos del groovos · first_building Dock |
| 1:04 | Catastrophic · wall_segment Palisade Wall x1 |
| 1:08 | Frafn · first_building Dock |
| 1:15 | Catastrophic · wall_segment Palisade Wall x1 |
| 1:27 | Catastrophic · wall_segment Palisade Wall x1 |
| 1:55 | Catastrophic · first_building Dock |
| 2:41 | Catastrophic · wall_segment Palisade Wall x1 |
| 2:42 | Catastrophic · wall_segment Palisade Wall x1 |
| 4:00 | [AJJRR] Minillop · first_building Dock |
| 4:04 | deju30 · first_building Dock |
| 12:45 | Truitos del groovos · age_up feudal |
| 12:55 | Catastrophic · age_up feudal |
| 12:57 | deju30 · age_up feudal |
| 13:00 | shogun · age_up feudal |
| 14:20 | Truitos del groovos · wall_segment Palisade Wall x1 |
| 14:46 | deju30 · first_building Barracks |
| 14:55 | [AJJRR] Minillop · age_up feudal |
| 15:15 | Frafn · age_up feudal |
| 15:30 | deju30 · first_building Stable |
| 17:14 | [AJJRR] Minillop · first_market_sell 100 stone |
| 17:29 | Truitos del groovos · first_market_buy 100 food |
| 17:31 | Truitos del groovos · first_market_sell 100 wood |
| 17:55 | Catastrophic · first_market_buy 100 food |
| 18:35 | Truitos del groovos · first_building Barracks |
| 18:36 | deju30 · age_up castle |
| 18:36 | [AJJRR] Minillop · first_building Barracks |
| 18:48 | deju30 · first_building Siege Workshop |
| 18:54 | Truitos del groovos · first_building Siege Workshop |
| 19:16 | Frafn · first_building Barracks |
| 19:39 | Frafn · age_up castle |
| 19:56 | Frafn · first_building Castle |
| 20:01 | [AJJRR] Minillop · first_market_buy 100 stone |
| 20:09 | [AJJRR] Minillop · age_up castle |
| 20:17 | Frafn · first_building Stable |
| 20:25 | [AJJRR] Minillop · first_building Castle |
| 20:28 | Frafn · first_market_sell 500 food |
| 20:29 | Frafn · first_market_buy 100 wood |
| 20:41 | [AJJRR] Minillop · wall_segment Palisade Wall x1 |
| 20:47 | Catastrophic · age_up castle |
| 20:56 | Truitos del groovos · age_up castle |
| 21:00 | Truitos del groovos · first_building Castle |
| 22:32 | shogun · age_up castle |
| 25:48 | Truitos del groovos · first_building Stable |
| 26:05 | deju30 · resign |
[ AI ANALYSIS · 1 CREDIT ]
What really happened in this match?
Wolo.gg analyzes every decision: build order, eco, micro, common mistakes by bracket. Personalized analysis on WhatsApp or Discord in 30 seconds.
Civ guide
Poles
Perfil
[AJJRR] Minillop